 Dungeon Crawl Stone Soup version 0.18-a0-1267-gff090c1 (webtiles) character file.

2637 4thArraOfDagon the Tainter (level 9, 0/61 HPs)
             Began as a Naga Venom Mage on Feb 6, 2016.
             Was a High Priest of Dithmenos.
             Slain by an orc warrior
             ... wielding a +0 halberd
              (14 damage)
             ... on level 6 of the Dungeon.
             The game lasted 00:23:32 (3819 turns).

4thArraOfDagon the Tainter (Naga Venom Mage)        Turns: 3819, Time: 00:23:32

Health: 0/61       AC:  8    Str: 12    XL:     9   Next: 61%
Magic:  3/16       EV:  8    Int: 18    God:    Dithmenos [*****.]
Gold:   284        SH:  0    Dex: 11    Spells: 3 memorised, 9 levels left

rFire  . . .     SeeInvis +     j - +0 halberd
rCold  . . .     Gourm    .     s - +1 ring mail {rPois}
rNeg   . . .     Faith    +     (shield currently unavailable)
rPois  +         Spirit   .     t - +0 helmet
rElec  .         Dismiss  .     (no cloak)
rCorr  .         Reflect  .     l - +0 pair of gloves
SustAt +         Harm     .     (no barding)
MR     +....                    g - amulet of faith
Stlth  ++........               x - ring of wizardry
                                h - ring of sustain attributes

@: wreathed by umbra, very slow, somewhat resistant to hostile enchantments,
unstealthy
A: stinger 1, see invisible, deformed body, frail 1, mutation resistance 1,
poison resistance, slowness 2, slow metabolism 1, spit poison 2, AC +3
a: Spit Poison, Shadow Step, Shadow Form, Renounce Religion


You were on level 6 of the Dungeon.
You worshipped Dithmenos.
Dithmenos was extremely pleased with you.
You were hungry.

You visited 1 branch of the dungeon, and saw 7 of its levels.
You also visited: Sewer and Ossuary.

You collected 464 gold pieces.
You spent 180 gold pieces at shops.

Inventory:

Hand Weapons
 j - a +0 halberd (weapon)
 n - a +0 trident
Armour
 l - a +0 pair of gloves (worn)
 s - a +1 ring mail of poison resistance (worn)
 t - a +0 helmet (worn)
Jewellery
 g - an amulet of faith (around neck)
 h - a ring of sustain attributes (left hand)
 x - a ring of wizardry (right hand)
Wands
 u - a wand of slowing (0/48)
 v - a wand of acid (1/15)
Scrolls
 e - 5 scrolls of teleportation
 i - a scroll of amnesia
 r - a scroll of vulnerability {unknown}
 w - 2 scrolls of recharging {unknown}
 y - 2 scrolls of magic mapping
 z - a scroll of random uselessness
 A - a scroll of identify
Potions
 a - a potion of resistance
 m - a potion of curing
 o - 4 potions of flight
 p - a potion of heal wounds
 q - a potion of agility
Books
 b - a Young Poisoner's Handbook

   Spells                             Type                      Level
   a - Sting                          Conjuration/Poison           1
   b - Cure Poison                    Poison                       2
   c - Mephitic Cloud                 Conjuration/Poison/Air       3
   d - Olgreb's Toxic Radiance        Poison                       4
   e - Venom Bolt                     Conjuration/Poison           5
Comestibles
 c - a bread ration
 d - 2 beef jerkies
 f - a meat ration
 B - 6 fruits


   Skills:
 * Level 5.0 Polearms
 - Level 1.5 Dodging
 - Level 3.0 Stealth
 + Level 5.2 Spellcasting
 * Level 6.7 Conjurations
 * Level 10.3 Poison Magic
 + Level 3.8 Invocations


You had 9 spell levels left.
You knew the following spells:

 Your Spells              Type           Power        Failure   Level  Hunger
a - Sting                 Conj/Pois      ####         1%          1    None
b - Mephitic Cloud        Conj/Pois/Air  ####....     4%          3    ##.....
c - Venom Bolt            Conj/Pois      #####.....   12%         5    ######.


Dungeon Overview and Level Annotations

Branches:
Dungeon (7/15)             Temple (0/1) D:5

Altars:
Ashenzari
Dithmenos
Fedhas
Makhleb
Okawaru
Xom
The Shining One

Shops:
D:7 ?

Annotations:
D:7 4thArraOfDagon's ghost, amateur DsAE


Innate Abilities, Weirdness & Mutations

You cannot wear boots.
Your serpentine skin is tough (AC +3).
You have supernaturally acute eyesight.
Armour fits poorly on your strangely shaped body.
Your system is resistant to poisons.
You cover ground very slowly.
You have a slow metabolism.
You can spit poison.
Your tail ends in a poisonous barb.
You are frail (-10% HP).
You are somewhat resistant to further mutation.


Message History

You are too injured to fight recklessly!
You are too injured to fight recklessly!
Evoke which item? (* to show all) (? for menu, Esc to quit)
Zapping:
v - a wand of acid (3/15)
Press: ? - help, Shift-Dir - straight line, f/p - orc warrior
Aim: an orc warrior, wielding a halberd and wearing a plate armour (severely wounded, umbra)
The bolt of acid hits the orc warrior.
The orc warrior appears unharmed.
The orc warrior is severely wounded.
This wand has 2 charges left.
The orc warrior hits you but does no damage.
Unknown command.
Evoke which item? (* to show all) (? for menu, Esc to quit)
Zapping:
v - a wand of acid (2/15)
Press: ? - help, Shift-Dir - straight line, f/p - orc warrior
Aim: an orc warrior, wielding a halberd and wearing a plate armour (severely wounded, umbra)
The bolt of acid hits the orc warrior.
The orc warrior appears unharmed.
The orc warrior is severely wounded.
This wand has 1 charge left.
The orc warrior hits you from afar with a halberd!
You die...

#.. #.# #.# #.# #.#
#####.#######.# #.#
#.............# #.#
#.###.#######.####.# ..
##.###.####.........#.. ..
#..............o....#.##
..
######.####.............#
.. #.# #...@.........# ..
#.# #.............# .. #.#
#.............# .. #.#
#.............# .. #.#
#...........s.# ..
#.#########.##..>...
#..................
###########.#############K
#.#......).))J5.


You could see an orc warrior.

Vanquished Creatures
  A troll (D:6)
  A two-headed ogre (D:5)
  Sigmund (D:3)
  An ice beast (D:6)
  2 orc warriors (D:6)
  A phantom (D:6)
  A sky beast (D:6)
  2 ogres
  A centaur (D:7)
  3 giant frogs
  5 scorpions
  4 wights
  A crimson imp (D:7)
  3 hounds
  2 jellies (D:6)
  5 orc wizards
  2 iguanas
  A siren (Sewer)
  Terence (D:2)
  A merfolk avatar (Sewer)
  4 worker ants
  A hound skeleton (D:7)
  A worker ant zombie (D:5)
  Robin (D:3)
  4 gnolls
  2 river rats (Sewer)
  10 adders
  2 oozes
  A worm (D:2)
  5 giant geckos
  21 orcs
  5 giant cockroaches
  12 goblins
  16 hobgoblins
  3 jackals (D:5)
  A quokka (D:6)
  7 ball pythons
  8 bats
  7 giant newts
  7 kobolds
  2 quokka skeletons
  A quokka zombie (D:5)
  28 rats
188 creatures vanquished.

Notes
Turn   | Place    | Note
--------------------------------------------------------------
     0 | D:1      | 4thArraOfDagon the Naga Venom Mage began the quest for the Orb.
     0 | D:1      | Reached XP level 1. HP: 15/15 MP: 3/3
    32 | D:1      | Reached XP level 2. HP: 10/22 MP: 0/5
   155 | D:3      | Noticed a scorpion
   159 | D:3      | Killed a scorpion
   159 | D:3      | Reached skill level 1 in Conjurations
   159 | D:3      | Reached skill level 6 in Poison Magic
   159 | D:3      | Reached XP level 3. HP: 20/28 MP: 4/6
   159 | D:3      | Reached XP level 4. HP: 25/36 MP: 4/7
   164 | D:3      | Learned a level 3 spell: Mephitic Cloud
   219 | D:2      | Found a faded altar to an unknown god.
   221 | D:2      | Noticed Terence
   251 | D:2      | 4thArraOfDagon: look
   261 | D:2      | Became a worshipper of Dithmenos the Shadowed
   261 | D:2      | Reached * piety under Dithmenos
   272 | D:2      | Killed Terence
   302 | D:2      | Found a shattered altar of Ashenzari.
   323 | D:2      | futacaninefemale: kak ti smenil tile
   360 | D:2      | futacaninefemale: manual'no ili v settingah srazu na vseh vistavleno?
   435 | D:2      | Reached XP level 5. HP: 24/42 MP: 2/9
   980 | D:2      | Reached ** piety under Dithmenos
  1188 | D:3      | Learned a level 5 spell: Venom Bolt
  1266 | D:4      | Noticed an ogre
  1280 | D:4      | Killed an ogre
  1280 | D:4      | Reached skill level 7 in Poison Magic
  1280 | D:4      | Reached XP level 6. HP: 36/49 MP: 3/10
  1314 | D:3      | Noticed Sigmund
  1339 | D:4      | Found a sand-covered staircase.
  1344 | Ossuary  | Entered an ossuary
  1431 | D:3      | Yermak: I guess this is the worst combo to beat this ossuary
  1435 | D:3      | Noticed Robin
  1481 | D:3      | Killed Robin
  1549 | D:3      | Killed Sigmund
  1549 | D:3      | Reached XP level 7. HP: 46/55 MP: 6/12
  1586 | D:3      | Reached skill level 8 in Poison Magic
  1602 | D:3      | Found an iron altar of Okawaru.
  1659 | D:4      | NOPE: wat is yermak talking about
  1706 | D:5      | Entered Level 5 of the Dungeon
  1773 | D:5      | Found a staircase to the Ecumenical Temple.
  1840 | D:5      | Reached *** piety under Dithmenos
  1882 | D:5      | Found an iron altar of Okawaru.
  1883 | D:5      | Found a shimmering altar of Xom.
  1891 | D:5      | Found a burning altar of Makhleb.
  1924 | D:5      | Found a blossoming altar of Fedhas.
  1946 | D:5      | Noticed a two-headed ogre
  1953 | D:5      | Killed a two-headed ogre
  1953 | D:5      | Reached skill level 1 in Polearms
  2055 | D:5      | Found a glowing drain.
  2064 | Sewer    | Entered a sewer
  2164 | Sewer    | Reached skill level 1 in Invocations
  2249 | Sewer    | Reached skill level 5 in Conjurations
  2255 | Sewer    | Reached **** piety under Dithmenos
  2278 | Sewer    | Reached XP level 8. HP: 62/62 MP: 10/14
  2744 | D:6      | Noticed a troll
  2812 | D:6      | Reached skill level 9 in Poison Magic
  2827 | D:6      | Gained mutation: You are somewhat resistant to further mutation. [mutagenic meat]
  2829 | D:6      | Gained mutation: Your tail ends in a poisonous barb. [mutagenic meat]
  2830 | D:6      | Gained mutation: You are frail (-10% HP). [mutagenic meat]
  2899 | D:6      | Killed a troll
  2900 | D:6      | NOPE: THE TAINTER
  2920 | D:6      | futacaninefemale: THEE
  2980 | D:6      | Reached XP level 9. HP: 42/61 MP: 5/15
  2988 | D:6      | Reached ***** piety under Dithmenos
  2992 | D:6      | Noticed a kobold demonologist
  2995 | D:6      | Noticed a rust devil
  2996 | D:6      | Noticed a hellwing
  3015 | D:6      | BLOAX: lol d:6 demonologist
  3018 | D:6      | BLOAX: and troll
  3097 | D:7      | Found a shadowy altar of Dithmenos.
  3148 | D:7      | Found Sippadif's Magic Scroll Boutique.
  3172 | D:7      | Noticed 4thArraOfDagon's ghost (amateur DsAE)
  3242 | D:7      | Reached skill level 10 in Poison Magic
  3385 | D:7      | Found a glowing golden altar of the Shining One.
  3494 | D:7      | Reached skill level 5 in Spellcasting
  3520 | D:7      | futacaninefemale: memedb: fair
  3520 | D:7      | Bought a scroll of magic mapping for 35 gold pieces
  3520 | D:7      | Bought a scroll of random uselessness for 10 gold pieces
  3520 | D:7      | Bought a scroll of identify for 20 gold pieces
  3520 | D:7      | Bought a scroll of teleportation for 30 gold pieces
  3520 | D:7      | Bought a scroll of teleportation for 30 gold pieces
  3520 | D:7      | Bought a scroll of magic mapping for 35 gold pieces
  3520 | D:7      | Bought a scroll of identify for 20 gold pieces
  3757 | D:6      | Reached skill level 5 in Polearms
  3819 | D:6      | Slain by an orc warrior

Vault maps used:
D:1:      ncdulo_halloftheorcs
D:2:      lemuel_crystal_altar, ecumenical_altar_2, uniq_crazy_yiuf_cottage,
          uniq_terence
D:3:      okawaru_altar_gauntlet_db, uniq_sigmund, uniq_robin
D:4:      black_bear_nest_2, enter_ossuary_2, roderic_bali_sauvastika
D:5:      grunt_temple_overflow_open, temple_doors_e, portal_sewer_entry_d,
          first_bread
D:6:      hangedman_cross_stitches
D:7:      tso_metal_star, lemuel_doored_altar, serial_shops,
          nicolae_shop_waterfront, grunt_dithmenos_smoke
Sewer:    sewer_sea
Ossuary:  ossuary_minmay_tomb_2a

Action                   |  1- 3 |  4- 6 |  7- 9 || total
-------------------------+-------+-------+-------++-------
Melee: Unarmed           |     5 |    37 |       ||    42
       Trident           |       |    49 |    29 ||    78
       Halberd           |       |       |   345 ||   345
 Cast: Sting             |    13 |    48 |    56 ||   117
       Mephitic Cloud    |       |     5 |    34 ||    39
       Venom Bolt        |       |       |     7 ||     7
 Abil: Spit Poison       |    11 |    36 |    30 ||    77
Evoke: Wand              |       |       |    19 ||    19
  Use: Scroll            |       |     4 |    10 ||    14
       Potion            |       |       |     6 ||     6
 Stab: Confused          |       |       |    11 ||    11
       Sleeping          |       |       |     1 ||     1
  Eat: Chunk             |       |     5 |    14 ||    19
       Fruit             |       |       |     5 ||     5
